 Dungeon Crawl Stone Soup version 0.29-a0-559-g359e09b9d1 (webtiles) character file.

Game seed: 15877169717804868241

86860 GrassPorridge the Warrior (level 15, -8/150 HPs)
             Began as a Minotaur Abyssal Knight on June 10, 2022.
             Was the Champion of Lugonu.
             Mangled by a titanic slime creature (78 damage)
             ... on level 14 of the Dungeon.
             The game lasted 00:34:38 (27592 turns).

GrassPorridge the Warrior (MiAK)                   Turns: 27592, Time: 00:34:39

Health: -8/150     AC: 27    Str: 25    XL:     15   Next: 42%
Magic:  22/22      EV: 12    Int:  7    God:    Lugonu [******]
Gold:   2884       SH:  5    Dex: 19    Spells: 14/14 levels left

rFire   . . .      SeeInvis .   y - +5 glaive of the Guard {elec, spectral, AC+5}
rCold   + . .      Faith    .   (shield currently unavailable)
rNeg    . . .      Spirit   .   C - +3 chain mail {rC+}
rPois   .          Reflect  +   (helmet restricted)
rElec   .          Harm     .   d - +1 cloak
rCorr   +          Rampage  .   (no gloves)
Will    +....      Rage     1%  e - +0 pair of boots
Stlth   ..........              h - amulet of the Supporting Enemy {Reflect Slay+2 SH+5}
HPRegen 0.35/turn               n - +6 ring of dexterity
MPRegen 0.18/turn               w - ring of resist corrosion

@: no status effects
A: horns 2, retaliatory headbutt, iridescent scales 1, agile 1, berserk 1
a: Renounce Religion, Depart the Abyss, Bend Space, Banish, Corrupt, Enter the
Abyss, Brand Weapon With Distortion


You were on level 14 of the Dungeon.
You worshipped Lugonu.
Lugonu was exalted by your worship.
You visited 3 branches of the dungeon, and saw 22 of its levels.
You visited the Abyss 1 time.

You collected 2884 gold pieces.

Inventory:

Hand Weapons
 f - a +4 dire flail of draining
 y - the +5 glaive of the Guard (weapon) {elec, spectral, AC+5}
   (You found it on level 5 of the Lair of Beasts)

   It occasionally discharges a powerful burst of electricity upon striking a
   foe.
   When it strikes, its spirit leaps out and fights alongside the wielder.
   AC:        It affects your AC (+5).
Armour
 d - a +1 cloak (worn)
 e - a +0 pair of boots (worn)
 C - a +3 chain mail of cold resistance (worn)
 F - a +1 plate armour
Jewellery
 h - the amulet of the Supporting Enemy (around neck) {Reflect Slay+2 SH+5}
   (You acquired it on level 9 of the Dungeon)

   [amulet of reflection]

   It reflects blocked missile attacks.
   Slay:      It affects your accuracy & damage with ranged weapons and melee
   (+2).
   SH:        It affects your SH (+5).
 n - a +6 ring of dexterity (left hand)
 u - an amulet of faith
 w - a ring of resist corrosion (right hand)
 x - an amulet of the acrobat
 N - a ring of positive energy
Wands
 v - a wand of iceblast (10)
 D - a wand of flame (13)
 E - a wand of charming (6)
 G - a wand of polymorph (1)
 J - a wand of acid (4)
 L - a wand of paralysis (8)
 O - a wand of mindburst (11)
 P - a wand of digging (9)
Scrolls
 b - 4 scrolls of fog
 c - 2 scrolls of brand weapon
 g - 3 scrolls of blinking
 j - 2 scrolls of silence
 k - 5 scrolls of amnesia
 l - 3 scrolls of magic mapping
 o - a scroll of vulnerability {unknown}
 p - 3 scrolls of enchant weapon {unknown}
 q - 4 scrolls of fear
 r - 6 scrolls of enchant armour
 s - 5 scrolls of teleportation
 K - 2 scrolls of poison
 Q - 2 scrolls of summoning
 S - a scroll of identify
Potions
 a - 3 potions of cancellation
 i - 5 potions of brilliance
 m - 6 potions of curing
 t - 6 potions of haste
 z - 2 potions of attraction
 A - 2 potions of invisibility
 B - 3 potions of flight
 H - 2 potions of heal wounds
 I - a potion of degeneration
 M - 2 potions of might
 R - a potion of magic {unknown}


   Skills:
 + Level 18.4 Fighting
 - Level 15.0 Maces & Flails
 + Level 11.3 Polearms
 - Level 15.0 Armour
 - Level 6.4 Dodging
 - Level 11.5 Invocations


You had 14 spell levels left.
You didn't know any spells.
Your spell library contained the following spells:

 Spells                   Type           Power      Damage    Failure   Level
 Apportation              Tloc           0%         N/A       88%         1
 Magic Dart               Conj           0%         1d3       88%         1
 Necrotize                Necr           0%         1d4       88%         1
 Sandblast                Erth           0%         2d4       88%         1
 Shock                    Conj/Air       0%         1d3       88%         1
 Summon Small Mammal      Summ           0%         N/A       88%         1
 Call Imp                 Summ           0%         N/A       95%         2
 Ensorcelled Hibernation  Hex/Ice        0%         N/A       95%         2
 Passwall                 Tmut/Erth      0%         N/A       95%         2
 Static Discharge         Conj/Air       0%         N/A       95%         2
 Sublimation of Blood     Necr           0%         N/A       95%         2
 Wereblood                Tmut           0%         N/A       95%         2
 Call Canine Familiar     Summ           0%         N/A       99%         3
 Frozen Ramparts          Ice            0%         1d2       99%         3
 Mephitic Cloud           Conj/Pois/Air  0%         N/A       99%         3
 Portal Projectile        Hex/Tloc       0%         N/A       99%         3
 Spider Form              Tmut/Pois      0%         N/A       99%         3
 Stone Arrow              Conj/Erth      0%         3d7       99%         3
 Summon Guardian Golem    Hex/Summ       0%         N/A       99%         3
 Swiftness                Air            0%         N/A       99%         3
 Tukima's Dance           Hex            0%         N/A       99%         3
 Airstrike                Air            0%         N/A       100%        4
 Anguish                  Hex/Necr       0%         N/A       100%        4
 Animate Dead             Necr           0%         N/A       100%        4
 Dispel Undead            Necr           0%         3d6       100%        4
 Fulminant Prism          Conj/Hex       0%         3d6       100%        4
 Ice Form                 Ice/Tmut       0%         N/A       100%        4
 Iskenderun's Mystic Bla  Conj/Tloc      0%         2d3       100%        4
 Leda's Liquefaction      Hex/Erth       0%         N/A       100%        4
 Olgreb's Toxic Radiance  Pois           0%         N/A       100%        4
 Passage of Golubria      Tloc           0%         N/A       100%        4
 Sticky Flame             Conj/Fire      0%         2d3       100%        4
 Summon Ice Beast         Ice/Summ       0%         N/A       100%        4
 Summon Lightning Spire   Summ/Air       0%         N/A       100%        4
 Blade Hands              Tmut           0%         N/A       100%        5
 Borgnjor's Vile Clutch   Necr/Erth      0%         N/A       100%        5
 Fireball                 Conj/Fire      0%         3d3       100%        5
 Lee's Rapid Deconstruct  Erth           0%         3d5*      100%        5
 Lightning Bolt           Conj/Air       0%         1d11      100%        5
 Summon Mana Viper        Hex/Summ       0%         N/A       100%        5
 Yara's Violent Unravell  Hex/Tmut       0%         3d3       100%        5
 Death Channel            Necr           0%         N/A       100%        6
 Starburst                Conj/Fire      0%         6d3       100%        6
 Monstrous Menagerie      Summ           0%         N/A       100%        7
 Orb of Destruction       Conj           0%         9d5       100%        7
 Ozocubu's Refrigeration  Ice            0%         4d5       100%        7
 Spellforged Servitor     Conj/Summ      0%         N/A       100%        7
 Summon Hydra             Summ           0%         N/A       100%        7
 Ignition                 Fire           0%         3d3       100%        8


Dungeon Overview and Level Annotations

Branches:
Dungeon (14/15)            Temple (0/1) D:7            Lair (6/6) D:9
 Shoals (0/4) Lair:4       Spider (0/4) Lair:4        Slime (0/5) Lair:6
    Orc (2/2) D:10            Elf (0/3) Orc:2        Vaults (0/5) D:13

Altars:
Dithmenos
Gozag
Jiyva

Shops:
D:9 (   Orc:2 *:::

Annotations:
D:2 1 runed translucent door, Crazy Yiuf
D:3 2 transporters, Grinder; supermoro's ghost, amateur GrFi
D:4 2 transporters, Locuples's ghost, amateur GnBr
D:5 corrupted
D:7 exclusion: ice statue
D:13 4 runed translucent doors
Lair:1 corrupted
Lair:2 exclusion: oklob plant
Lair:4 corrupted
Abyss:1 Edmund; Rupert


Innate Abilities, Weirdness & Mutations

You have a pair of horns on your head.
You reflexively headbutt those who attack you in melee.
You are partially covered in iridescent scales. (AC +2)
You are agile. (Dex +2)
You tend to lose your temper in combat.


Message History

You reach to attack!
You slice the slime creature!!
Your +5 glaive of the Guard {elec, spectral, AC+5} hits the slime creature from afar!!
A slime creature comes into view.
You hit the slime creature.
Lightning courses through the slime creature!
You kill the slime creature!
Lugonu accepts your kill.
A tengu warrior comes into view. It is wielding a +0 broad axe.
A slime creature comes into view.
You slash the slime creature!
Your +5 glaive of the Guard {elec, spectral, AC+5} hits the slime creature!
The slime creature hits you!
Two slime creatures merge to form a large slime creature.
You slice the large slime creature!!
Your +5 glaive of the Guard {elec, spectral, AC+5} hits the large slime creature!!
Two slime creatures merge to form a very large slime creature.
A slime creature comes into view.
You slice the very large slime creature!!
Lightning courses through the very large slime creature!
Your +5 glaive of the Guard {elec, spectral, AC+5} hits the very large slime creature!!
Two slime creatures merge to form an enormous slime creature.
A slime creature comes into view.
You slash the enormous slime creature!
Lightning courses through the enormous slime creature!
You headbutt the enormous slime creature!
Your +5 glaive of the Guard {elec, spectral, AC+5} hits the enormous slime creature!
Two slime creatures merge to form a titanic slime creature.
You slash the titanic slime creature!
Your +5 glaive of the Guard {elec, spectral, AC+5} hits the titanic slime creature!!
The titanic slime creature hits you!!!
The tengu warrior hits your +5 glaive of the Guard {elec, spectral, AC+5} with a +0 broad axe!
Your spectral weapon shares its damage with you!
The tengu warrior closely misses your +5 glaive of the Guard {elec, spectral, AC+5}.
The tengu warrior misses your +5 glaive of the Guard {elec, spectral, AC+5}.
You hear a roar!
You take 81 damage, and have 69/150 hp.
MASSIVE DAMAGE!!
The titanic slime creature attacks as you move away!
The titanic slime creature hits you!!!!
Ouch! That really hurt!
You die...

#....## .#.
###<..###
....
###...##
#...
##...###
#...
###...###
..#
##....###..
###...#.#
##....#
###@## #J#
#Q.# .....
..##....
..$ .....#
.... ......
..... .##..
...... ##
#.


You could see a titanic slime creature and a tengu warrior.

Vanquished Creatures
  A ghost moth (Lair:4)
  An orc warlord (Orc:2)
  6 hydras
  4 catoblepae
  2 ogre magi
  Erica (D:11)
  2 boulder beetles
  12 two-headed ogres
  2 centaur warriors (D:13)
  16 death yaks
  An orc high priest (Orc:2)
  Sonja (Lair:6)
  A skeletal warrior (D:12)
  2 deep trolls (Orc:2)
  An orc knight (D:13)
  An ugly thing (D:12)
  5 cyclopes
  2 orc sorcerers (Orc:2)
  4 manticores
  12 elephants
  Maurice (Orc:1)
  2 black mambas
  A merfolk siren (Lair:4)
  3 rime drakes
  4 centaur skeletons (D:13)
  3 gargoyles
  2 kobold demonologists (D:13)
  16 cane toads
  An unseen horror (D:10)
  9 komodo dragons
  11 trolls
  2 polar bears (Lair:5)
  17 blink frogs
  Prince Ribbit (Lair:3)
  14 dream sheep (Lair:4)
  4 slime creatures
  2 jumping spiders (Lair:4)
  2 wraiths
  2 shadows (D:13)
  6 wyverns
  59 yaks
  8 vampire mosquitoes
  8 basilisks
  A redback (Lair:4)
  2 wargs (Orc:2)
  An acid dragon (D:11)
  14 water moccasins
  Duvessa (D:4)
  23 orc warriors
  2 ice beasts
  A sky beast (D:6)
  3 black bears
  18 ogres
  9 centaurs
  21 wolves
  5 kobold brigands
  4 scorpions
  A necrophage (D:4)
  A gnoll sergeant (D:5)
  20 bullfrogs
  5 wights (D:8)
  Dowan (D:4)
  2 electric eels (Lair:6)
  15 orc priests
  2 jellies (D:6)
  8 hounds
  Natasha (twice) (D:2)
  18 orc wizards
  An iguana (D:6)
  7 hell rats (Lair:2)
  A gnoll (D:5)
  11 adders
  2 shadow imps
  3 worms
  4 dart slugs
  61 orcs
  4 bats
  4 endoplasms
  7 goblins
  9 hobgoblins
  4 jackals (D:2)
  3 quokkas
  7 ball pythons
  A frilled lizard (D:3)
  11 kobolds
  7 rats
  A butterfly (Lair:2)
583 creatures vanquished.

Vanquished Creatures (others)
  3 elephants (Lair:4)
  A cane toad (Lair:1)
  9 yaks
  2 wyverns
  A basilisk (Lair:4)
  A bullfrog (Lair:1)
  A scorpion (D:5)
  An electric eel (Lair:1)
  An orc wizard (D:5)
  An iguana (D:5)
  2 gnolls (D:5)
  3 orcs (D:5)
  41 fungi
  73 plants
  11 starspawn tentacles
151 creatures vanquished.

Grand Total: 734 creatures vanquished

Notes
Turn   | Place    | Note
-------+----------+-------------------------------------------
     0 | Abyss:1  | GrassPorridge the Minotaur Abyssal Knight began the quest
                  | for the Orb.
     0 | Abyss:1  | Reached XP level 1. HP: 19/19 MP: 1/1
    29 | D:1      | Escaped the Abyss
   307 | D:1      | Reached skill level 4 in Fighting
   307 | D:1      | Reached XP level 2. HP: 17/27 MP: 2/2
   853 | D:2      | Reached *** piety under Lugonu
   854 | D:2      | Reached XP level 3. HP: 34/34 MP: 3/3
  1298 | D:2      | Noticed Natasha
  1306 | D:2      | Reached skill level 5 in Fighting
  1306 | D:2      | Reached XP level 4. HP: 42/42 MP: 4/4
  1313 | D:2      | Killed Natasha
  1934 | D:2      | Found a runed translucent door.
  1935 | D:2      | Noticed Crazy Yiuf
  1987 | D:2      | Noticed Natasha
  1992 | D:2      | Killed Natasha
  1993 | D:2      | Reached XP level 5. HP: 35/48 MP: 5/5
  2310 | D:3      | Reached skill level 5 in Maces & Flails
  2492 | D:3      | Found a transporter.
  2514 | D:3      | Reached **** piety under Lugonu
  2584 | D:3      | Found a transporter.
  2592 | D:3      | Noticed supermoro's ghost (amateur GrFi)
  2630 | D:3      | Reached skill level 6 in Fighting
  2630 | D:3      | Reached XP level 6. HP: 27/57 MP: 6/6
  2734 | D:3      | Noticed Grinder
  2827 | D:4      | Found a transporter.
  2828 | D:4      | Noticed Locuples's ghost (amateur GnBr)
  2832 | D:4      | Identified the +9 dire flail of Mupip {speed, MP+9 Str+6
                  | Int-3 SInv}
  2838 | D:4      | Found a transporter.
  3098 | D:4      | Noticed Edmund
  3126 | D:5      | Entered Level 5 of the Dungeon
  3144 | D:4      | Noticed Duvessa
  3146 | D:4      | Noticed Dowan
  3174 | D:4      | Gained mutation: You tend to lose your temper in combat.
                  | [potion of mutation]
  3174 | D:4      | Gained mutation: You are partially covered in iridescent
                  | scales. (AC +2) [potion of mutation]
  3174 | D:4      | Gained mutation: You are agile. (Dex +2) [potion of
                  | mutation]
  3180 | D:4      | Killed Duvessa
  3182 | D:4      | Killed Dowan
  3557 | D:4      | Reached XP level 7. HP: 53/64 MP: 7/7
  4085 | D:4      | Banished Edmund
  4336 | D:4      | Reached skill level 5 in Armour
  4541 | D:5      | Reached skill level 7 in Fighting
  4620 | D:5      | Corrupted D:5
  4620 | D:5      | Noticed a large abomination
  4620 | D:5      | Noticed a large abomination
  4620 | D:5      | Noticed a tentacled starspawn
  4886 | D:5      | Found an opulent altar of Gozag.
  5359 | D:6      | Reached XP level 8. HP: 56/73 MP: 9/9
  5437 | D:5      | Identified 2 scrolls of acquirement
  5437 | D:5      | Acquired a +4 dire flail of draining
  6129 | D:6      | Reached skill level 8 in Fighting
  6644 | D:7      | Found a staircase to the Ecumenical Temple.
  6698 | D:7      | Reached skill level 5 in Invocations
  6759 | D:7      | Reached XP level 9. HP: 64/82 MP: 11/11
  7175 | D:7      | Noticed an ice statue
  7646 | D:8      | Reached skill level 9 in Fighting
  8580 | D:9      | Paralysed by a hornet for 3 turns
  8929 | D:9      | Noticed a komodo dragon
  8946 | D:9      | Killed a komodo dragon
  8947 | D:9      | Reached XP level 10. HP: 93/93 MP: 13/13
  9036 | D:9      | Reached skill level 10 in Fighting
  9061 | D:9      | Reached skill level 10 in Maces & Flails
  9162 | D:9      | Found Picvi's Antique Weapon Shoppe.
  9187 | D:9      | Found a staircase to the Lair.
  9589 | Lair:1   | Entered Level 1 of the Lair of Beasts
  9701 | Lair:1   | Noticed a cane toad
  9703 | Lair:1   | Killed a cane toad
  9921 | D:9      | Acquired the amulet of the Supporting Enemy {Reflect Slay+2
                  | SH+5}
  9932 | Lair:1   | Corrupted Lair:1
  9932 | Lair:1   | Noticed a fire crab
  9932 | Lair:1   | a shapeshifter changed into a fire crab
  9932 | Lair:1   | Noticed a large abomination
  9932 | Lair:1   | Noticed a thrashing horror
  9933 | Lair:1   | Noticed a lindwurm
  9933 | Lair:1   | a fire crab changed into a lindwurm
  9935 | Lair:1   | Noticed a mana viper
  9936 | Lair:1   | Noticed an apocalypse crab
  9941 | Lair:1   | a lindwurm changed into a dream sheep
  9941 | Lair:1   | Noticed a guardian serpent
  9942 | Lair:1   | Noticed a starcursed mass
  9943 | Lair:1   | Noticed a tentacled starspawn
  9943 | Lair:1   | Noticed a large abomination
  9944 | Lair:1   | Noticed a worldbinder
  9944 | Lair:1   | Noticed a large abomination
  9945 | Lair:1   | Noticed a starcursed mass
  9945 | Lair:1   | Noticed a large abomination
  9949 | Lair:1   | Noticed a rakshasa
  9950 | Lair:1   | Noticed a smoke demon
  9955 | Lair:1   | Noticed an eye of devastation
  9956 | Lair:1   | Noticed a thrashing horror
  9986 | Lair:1   | Noticed a shining eye
  9986 | Lair:1   | Noticed a worldbinder
  9999 | Lair:1   | Noticed a rakshasa
 10018 | Lair:1   | Noticed a wolf spider
 10028 | Lair:1   | Noticed a shadow demon
 10028 | Lair:1   | Killed a cane toad
 10288 | Lair:1   | Reached skill level 11 in Fighting
 10309 | Lair:1   | Reached skill level 10 in Armour
 10584 | Lair:1   | Reached XP level 11. HP: 96/102 MP: 16/16
 10758 | Lair:1   | Identified the +0 robe of the Trees {Str+2}
 11788 | Lair:2   | Noticed an oklob plant
 12463 | Lair:3   | Reached skill level 12 in Fighting
 12564 | Lair:3   | Noticed Prince Ribbit
 12577 | Lair:3   | Killed Prince Ribbit
 12975 | Lair:3   | Noticed Rupert
 12985 | Lair:3   | Banished Rupert
 13183 | Lair:3   | Reached XP level 12. HP: 113/113 MP: 18/18
 13943 | Lair:4   | Corrupted Lair:4
 13943 | Lair:4   | Noticed a starcursed mass
 13944 | Lair:4   | Noticed a tentacled starspawn
 13944 | Lair:4   | Noticed a yellow draconian annihilator
 13964 | Lair:4   | Noticed a bone dragon
 14215 | Lair:4   | Found a staircase to the Shoals.
 14280 | Lair:4   | Found a hole to the Spider Nest.
 14285 | Lair:4   | Reached skill level 13 in Fighting
 14361 | Lair:4   | Reached skill level 10 in Invocations
 14621 | Lair:4   | Noticed an eight-headed hydra
 14625 | Lair:4   | an eight-headed hydra changed into something unseen
 14631 | Lair:4   | Killed a ghost moth
 14959 | Lair:4   | Noticed a four-headed hydra
 14964 | Lair:4   | Killed a four-headed hydra
 15216 | Lair:4   | Noticed a death yak
 15216 | Lair:4   | Noticed a death yak
 15217 | Lair:4   | Noticed a death yak
 15217 | Lair:4   | Noticed a death yak
 15225 | Lair:4   | Killed a death yak
 15229 | Lair:4   | Killed a death yak
 15231 | Lair:4   | Killed a death yak
 15235 | Lair:4   | Killed a death yak
 15251 | Lair:4   | Reached skill level 14 in Fighting
 15481 | Lair:5   | Noticed a death yak
 15481 | Lair:5   | Noticed a death yak
 15481 | Lair:5   | Noticed a death yak
 15481 | Lair:5   | Noticed a death yak
 15481 | Lair:5   | Noticed a death yak
 15481 | Lair:5   | Noticed a seven-headed hydra
 15482 | Lair:5   | Noticed a death yak
 15489 | Lair:5   | Killed a death yak
 15494 | Lair:5   | Killed a seven-headed hydra
 15495 | Lair:5   | Reached XP level 13. HP: 112/124 MP: 20/20
 16539 | Lair:5   | Reached ***** piety under Lugonu
 16946 | Lair:5   | Reached skill level 15 in Fighting
 17291 | Lair:5   | Found the +5 glaive of the Guard {elec, spectral, AC+5}
 17705 | Lair:6   | Entered Level 6 of the Lair of Beasts
 17787 | Lair:6   | Reached skill level 15 in Maces & Flails
 17791 | Lair:6   | Reached skill level 1 in Polearms
 18121 | Lair:6   | Found a viscous altar of Jiyva.
 18121 | Lair:6   | Found a staircase to the Slime Pits.
 18213 | Lair:6   | Reached XP level 14. HP: 92/135 MP: 21/21
 18451 | Lair:6   | Reached skill level 15 in Armour
 18857 | Lair:6   | Reached skill level 5 in Polearms
 19006 | Lair:6   | Reached skill level 16 in Fighting
 19735 | Lair:6   | Noticed Sonja
 19740 | Lair:6   | Killed Sonja
 20232 | D:10     | Entered Level 10 of the Dungeon
 21012 | D:10     | Found a staircase to the Orcish Mines.
 21104 | Orc:1    | Entered Level 1 of the Orcish Mines
 21202 | Orc:1    | Reached skill level 5 in Dodging
 21274 | Orc:1    | Noticed Maurice
 21278 | Orc:1    | Killed Maurice
 21561 | Orc:2    | Entered Level 2 of the Orcish Mines
 21571 | Orc:2    | Reached ****** piety under Lugonu
 21896 | Orc:2    | Noticed an orc warlord
 21905 | Orc:2    | Killed an orc warlord
 22792 | Orc:2    | Found Gixzud's Book Shoppe.
 22795 | Orc:2    | Reached skill level 17 in Fighting
 23635 | Orc:2    | Found a staircase to the Elven Halls.
 23702 | Orc:2    | Found Cuagaam's General Store.
 23707 | Orc:2    | Found Metistre's Book Emporium.
 23708 | Orc:2    | Found Beibryps's Book Shoppe.
 23841 | Orc:2    | Reached XP level 15. HP: 87/147 MP: 22/22
 24967 | D:11     | Found a shadowy altar of Dithmenos.
 25014 | D:11     | Noticed Erica
 25021 | D:11     | Killed Erica
 25476 | D:12     | Reached skill level 10 in Polearms
 25656 | D:12     | Found the +6 lightning scales {swift, rElec}
 25901 | D:13     | Reached skill level 18 in Fighting
 26408 | D:13     | Identified the +8 short sword "Ogrebane" {vorpal, Drain
                  | rElec MP+9}
 26437 | D:13     | HP: 4/149 [centaur warrior/arrow (18)]
 27131 | D:13     | Found a runed translucent door.
 27141 | D:13     | Found a runed translucent door.
 27196 | D:13     | Found a runed translucent door.
 27221 | D:13     | Found a runed translucent door.
 27410 | D:13     | Found a gate to the Vaults.
 27592 | D:14     | Mangled by a titanic slime creature

Illustrated notes

Levels and vault maps discovered:
D:1:      dpeg_arrival_shelter, layout_rooms
D:2:      layout_loops_ring, chequers_arboretum, uniq_crazy_yiuf_cottage,
          uniq_natasha
D:3:      layout_basic, gammafunk_ghost_stat_death, uniq_grinder
D:4:      layout_gridville, gammafunk_ghost_smash, uniq_duvessa, uniq_edmund
D:5:      layout_cave_pools, grunt_gozag_breadcrumbs, serial_bayou,
          serial_bayou_crossing, serial_bayou_lagoon_b, serial_bayou_pond_d,
          serial_bayou_pond_c, serial_bayou_ford_a
D:6:      layout_basic, serial_co_window_serial, co_window_corner_a,
          co_window_paths_a, co_window_paths_a, co_window_cross_1,
          co_window_paths_a, co_window_corner_ca, co_window_2corner,
          co_window_corner_b, co_window_paths_c, co_window_sun, glass_columns_a,
          minmay_misc_feat_rows
D:7:      lemuel_ice_statue, layout_rooms, minmay_temple_entry_statues_pillars
D:8:      layout_rooms, minivault_21
D:9:      layout_roguey, grunt_lair_entry_orc_guard_hut, serial_shops,
          nicolae_shop_window_shopping
D:10:     layout_roguey, david_orc_4
D:11:     layout_loops_ring, nicolae_dithmenos_through_a_glass_darkly,
          uniq_erica
D:12:     layout_basic
D:13:     layout_irregular_city, hangedman_vaults_entry_quadrant_bands,
          moated_statue, minmay_statue_crystal_thing
D:14:     layout_cave_pods, hangedman_decor_growths, serial_shops, shop,
          chequers_serial_rivers_small_b
Lair:1:   layout_cave_shapes, serial_bayou_pond_c
Lair:2:   layout_roguey, lemuel_fruit_fields, grunt_megastairs_2
Lair:3:   layout_regular_city, uniq_rupert, uniq_prince_ribbit2
Lair:4:   layout_roguey, minmay_shoals_entry_lonely_mermaid,
          spider_nest_entry_a, st_stairs_13
Lair:5:   layout_regular_city, minivault_11, nzn_random_ring
Lair:6:   evilmike_catoblepas_cave, layout_cave_pods,
          dpeg_slime_entry_enclosed_altar, serial_bayou_shore_a, uniq_sonja
Orc:1:    layout_caves, uniq_maurice
Orc:2:    st_orc_open, layout_caves

Skill      XL: |  1  2  3  4  5  6  7  8  9 10 11 12 13 14 15 |
---------------+----------------------------------------------+-----
Fighting       | 4 5 6 7 8 9 11 12 14 15 17 18 | 18.4
Maces & Flails | 3 4 5 6 8 9 11 12 13 15 | 15.0
Armour         | 3 4 5 7 8 10 11 13 14 15 | 15.0
Invocations    | 2 3 5 6 8 9 10 11 | 11.5
Polearms       | 3 9 11 | 11.3
Dodging        | 6 |  6.4

Action                   |  1- 3 |  4- 6 |  7- 9 | 10-12 | 13-15 || total
-------------------------+-------+-------+-------+-------+-------++-------
Melee: Mace              |    84 |   131 |    44 |       |       ||   259
       Headbutt          |    13 |    20 |    29 |    98 |   182 ||   342
       Punch             |     1 |     1 |     2 |       |       ||     4
       Dire flail        |       |       |   137 |   404 |   432 ||   973
       Glaive            |       |       |       |       |   307 ||   307
Invok: Banish            |       |       |     4 |     2 |       ||     6
       Corrupt           |       |       |     1 |     2 |       ||     3
       Bend Space        |       |       |       |       |     3 ||     3
Evoke: Wand              |       |       |       |     4 |       ||     4
  Use: Potion            |       |     7 |     1 |     4 |     2 ||    14
       Scroll            |       |       |    10 |     8 |     5 ||    23
 Stab: Distracted        |       |       |       |     1 |     4 ||     5
       Invisible         |       |       |       |     2 |     8 ||    10
Armor: Ring mail         |    33 |    59 |       |       |       ||    92
       Chain mail        |       |     3 |   146 |    29 |    50 ||   228
       Plate armour      |       |       |       |   198 |   341 ||   539
Dodge: Dodged            |    34 |    63 |    91 |   106 |   264 ||   558
Block: Other             |       |       |       |    52 |   142 ||   194
       Reflection        |       |       |       |       |    18 ||    18

Table legend: (Time is in decaauts)
 A = Elapsed time spent in this place.
 B = Non-inter-level travel time spent in this place.
 C = Inter-level travel time spent in this place.
 D = Time resting spent in this place.
 E = Time spent auto-exploring this place.
 F = Levels seen in this place.
 G = Mean time per level.
                   A        B        C        D        E       F      G
               +--------+--------+--------+--------+--------+-----+--------+
         Total |  27564 |  26399 |   1165 |   4985 |  17807 |  23 | 1198.4 |
       Dungeon |  13801 |  13156 |    645 |   2120 |   9164 |  14 |  985.8 |
          Lair |  10097 |   9714 |    383 |   1161 |   7275 |   6 | 1682.8 |
  Orcish Mines |   3637 |   3501 |    136 |   1703 |   1343 |   2 | 1818.5 |
         Abyss |     29 |     29 |      0 |      0 |     25 |   1 |   29.0 |
               +--------+--------+--------+--------+--------+-----+--------+

Top non-repeatable levels by time:
  Lair:6: 2298 daAuts
   Orc:1: 2017 daAuts
     D:4: 1955 daAuts
  Lair:4: 1951 daAuts
  Lair:5: 1918 daAuts
     D:9: 1704 daAuts
  Lair:3: 1651 daAuts
   Orc:2: 1620 daAuts
  Lair:2: 1407 daAuts
     D:2: 1361 daAuts
     D:6: 1265 daAuts
    D:13: 1157 daAuts
    D:12: 1050 daAuts
    D:10: 913 daAuts
  Lair:1: 869 daAuts
